[Event "Early-Titled-Tuesday-Blitz-September-26-2023"]
[Site "Chess.com"]
[Date "2023.09.26"]
[Round "5"]
[White "MatthewG-p4p"]
[Black "FREDERICKtheMATE"]
[Result "0-1"]
[WhiteElo "2799"]
[BlackElo "2603"]
[TimeControl "180+1"]
[EndTime "8:59:42 PDT"]
[Termination "FREDERICKtheMATE won by checkmate"]

1. f4 c5 2. Nf3 Nc6 3. g3 g6 4.
Bg2 Nf6 5. O-O Bg7 6. d3 d5 7. Nc3 d4 8. Na4 Qa5 9. c4 dxc3 10. Nxc3 O-O 11. Kh1 Rd8 12. Qb3 Nd4 13. Nxd4 cxd4 14.
Qb5 Qc7 15. Ne4 Bg4 16. Re1 Nxe4 17. Bxe4 Qc2 18. Qb3 Rac8 19. Bxb7 Rc7 20. Qxc2 Rxc2 21. Bf3 Bxf3+ 22. exf3 Rdc8 23. Kg1 e6 24. Rb1 Bf8 25.
a3 h5 26. b4 R8c3 27. Rd1 Re2 28. Bb2 Rcc2 29. Bxd4 Rg2+ 30. Kf1 Rxh2 31. Rdc1 Rcd2 32. Bg1 Rh3 33. Rd1 Ra2 34. Ra1 Rxa1 35. Rxa1 Rxg3 36.
Bxa7 Rxf3+ 37. Ke2 Rxf4 38. b5 Ra4 39. b6 Bc5 40.
Rc1 Bd4 41. Rc4 Rxc4 42. dxc4 h4 43. Kf3 g5 44. a4 f5 45. a5 g4+ 46. Kg2 h3+ 47. Kh2 Be5+ 48. Kg1 Bd4+ 49. Kh2 f4 50. Bb8 f3 51. Bg3 f2 52. Bxf2 Bxf2 53. b7 Ba7 54. c5 Kf7 55. c6 Bb8+ 56. Kg1 Ke7 57. a6 Kd6 58. Kh2 Kxc6+ 59. Kh1 Kb6 60. a7 Kxa7 61.
Kg1 Kxb7 62. Kh1 e5 63. Kg1 e4 64. Kh1 e3 65. Kg1 e2 66. Kf2 h2 67. Kg2 h1=Q+ 68.
Kxh1 e1=Q+ 69. Kg2 Qg3+ 70. Kf1 Qf3+ 71. Kg1 Ba7+ 72.
Kh2 Qh3# 0-1

[Event "Early-Titled-Tuesday-Blitz-September-26-2023"]
[Site "Chess.com"]
[Date "2023.09.26"]
[Round "5"]
[White "Francisco_Ferrari"]
[Black "nicholas_ilic"]
[Result "1/2-1/2"]
[WhiteElo "2398"]
[BlackElo "2242"]
[TimeControl "180+1"]
[EndTime "8:59:42 PDT"]
[Termination "Game drawn - insufficient material"]

1. e4 c5 2. Nf3 Nc6 3. b4 Nxb4 4.
c3 Nc6 5. d4 cxd4 6. cxd4 d5 7.
exd5 Qxd5 8. Nc3 Qa5 9. Bd2 e6 10. Bc4 Bb4 11. Qb3 Nf6 12. a3 O-O 13. O-O Bxc3 14.
Bxc3 Qh5 15. h3 Nd5 16. Bd2 Rb8 17. Rfe1 Bd7 18. Ne5 Nxe5 19. Rxe5 Qh4 20. Qd3 Bc6 21. Bg5 Qh5 22. Be7 Qxe5 23. dxe5 Nxe7 24. Rd1 Ng6 25. Qd6 a6 26. Bxa6 Nf4 27. Bf1 h6 28. Qd4 Nd5 29. Rc1 Rbd8 30. Qc5 Rd7 31. Rb1 Rfd8 32.
Bb5 Bxb5 33. Qxb5 Nf4 34. a4 Nd3 35. a5 Nf4 36. a6 bxa6 37. Qxa6 Nd3 38. Rb7 Nxe5 39.
Rxd7 Rxd7 40. Qb5 Rd1+ 41. Kh2 Ng6 42. Qe8+ Nf8 43. Qb8 Rd5 44. Qb7 Rf5 45. Kg1 Rf6 46. f3 Rg6 47. Kf2 Rf6 48. g4 g6 49. h4 Kg7 50. Ke3 h5 51. Qb2 hxg4 52. fxg4 e5 53. g5 Re6 54. Ke4 Re7 55. Qb4 Re6 56. Qb7 Re8 57. Qc6 Re6 58. Qd5 Kg8 59. Qd2 Kg7 60.
Qf2 Re7 61. Qf6+ Kg8 62. Qxe7 Ne6 63. Kxe5 Ng7 64. Kd6 Nf5+ 65. Kd7 Nxe7 66. Kxe7 Kg7 67. Ke8 f5 68. gxf6+ Kxf6 69. Kf8 Kf5 70. Kg7 Kg4 71. Kxg6 Kxh4 1/2-1/2

[Event "Early-Titled-Tuesday-Blitz-September-26-2023"]
[Site "Chess.com"]
[Date "2023.09.26"]
[Round "5"]
[White "andrzej"]
[Black "LeoLV10"]
[Result "0-1"]
[WhiteElo "2462"]
[BlackElo "2638"]
[TimeControl "180+1"]
[EndTime "8:59:43 PDT"]
[Termination "LeoLV10 won by checkmate"]

1. e4 c6 2. d4 d5 3. e5 c5 4. Nf3 e6 5. c3 Nc6 6. Bd3 Qb6 7.
a3 Bd7 8. Bc2 Nge7 9. b4 cxd4 10.
cxd4 Rc8 11. O-O a5 12. Nc3 axb4 13. Na4 Qc7 14. Bd2 Ng6 15. axb4 Nxb4 16. Bxb4 Bxb4 17. Bxg6 hxg6 18. Rc1 Qxc1 19. Qxc1 Rxc1 20. Rxc1 Ke7 21. Rc7 Rc8 22. Rxd7+ Kxd7 23. Nb6+ Kd8 24. Nxc8 Kxc8 25. Kf1 f6 26. Ke2 g5 27. Kd3 Kd7 28. exf6 gxf6 29.
g4 Bd6 30. h4 gxh4 31. Nxh4 Bf4 32. Ng2 Bc1 33. Kc2 Ba3 34. f4 Be7 35. Ne1 Bd6 36.
Nd3 b6 37. g5 fxg5 38. fxg5 Ke7 39. Kb3 b5 40. Nc1 Kf7 41. Na2 Kg6 42. Nc3 b4 43.
Nb5 Be7 44. Nc7 Kxg5 45. Nxe6+ Kf5 46. Nc7 Ke4 47. Nb5 Bf8 48. Kc2 Bg7 49. Kb3 Bf8 50. Kc2 Be7 51. Kd2 Bf6 52. Kc2 Bxd4 53. Kb3 Bc5 54.
Kc2 d4 55. Nc7 Bd6 56. Ne6 Kd5 57. Ng5 Kc4 58. Ne4 Bf4 59. Nf2 b3+ 60. Kb1 Bd2 61. Nd1 Bc3 62. Nf2 d3 63. Ng4 d2 64. Ne3+ Kd3 65. Nd1 Bd4 66. Nb2+ Bxb2 67. Kxb2 Ke2 68. Kxb3 d1=Q+ 69. Ka2 Qd5+ 70. Kb2 Qc4 71. Kb1 Kd3 72. Kb2 Qc2+ 73. Ka3 Qb1 74. Ka4 Kc4 75. Ka5 Qb5# 0-1

[Event "Early-Titled-Tuesday-Blitz-September-26-2023"]
[Site "Chess.com"]
[Date "2023.09.26"]
[Round "5"]
[White "KononenkoD"]
[Black "amylazy"]
[Result "0-1"]
[WhiteElo "2592"]
[BlackElo "2450"]
[TimeControl "180+1"]
[EndTime "8:59:43 PDT"]
[Termination "amylazy won by checkmate"]

1. e4 c5 2. Nf3 e6 3. d4 cxd4 4.
Nxd4 a6 5. Bc4 b5 6. Bb3 Bb7 7. Nc3 d6 8. O-O Nf6 9. f4 Be7 10. f5 e5 11. Nde2 Nxe4 12. Nxe4 Bxe4 13. Ng3 Bb7 14.
f6 Bxf6 15. Nh5 Qb6+ 16. Kh1 Nd7 17. Bh6 O-O-O 18. Nxf6 gxf6 19. Bxf7 Rhg8 20. Bd5 Rg6 21. Bc1 Rdg8 22. Qf3 Bxd5 23. Qxd5 Qb7 24. Qxb7+ Kxb7 25. g3 Rc8 26. c3 d5 27. Bd2 e4 28. a4 Ne5 29.
axb5 axb5 30. Be3 Ra8 31. Rxa8 Kxa8 32. Ra1+ Kb8 33. Ra5 Nc4 34. Rxb5+ Kc8 35. Bd4 e3 36. Kg2 Rg5 37. b3 Nd6 38. Rc5+ Kd7 39. Bxe3 Rf5 40.
Bf4 Ne4 41. Ra5 Kc6 42. c4 Nc5 43. b4 Nb3 44. b5+ Kc5 45. Ra7 dxc4 46. Rxh7 Kxb5 47. Rc7 Nc5 48. h4 c3 49. Kf3 c2 50. Rc8 Rd5 51.
Rb8+ Kc4 52. Rb2 Kc3 53. Ra2 Nb3 54. Ra3 Rd4 55. Rxb3+ Kxb3 56. Be3 Rd3 57. h5 Rxe3+ 58. Kxe3 c1=Q+ 59. Ke4 Qc5 60. Kf4 Qg5+ 61. Kf3 Qxh5+ 62. Kg2 Qg5 63. Kf2 f5 64. Kg2 Qg4 65. Kf2 Kc3 66. Kg2 f4 67. Kf1 fxg3 68. Kg2 Kd3 69. Kf1 Qe2+ 70. Kg1 Qf2+ 71. Kh1 Qh2# 0-1

[Event "Early-Titled-Tuesday-Blitz-September-26-2023"]
[Site "Chess.com"]
[Date "2023.09.26"]
[Round "5"]
[White "wild3000"]
[Black "Juicy_Fork"]
[Result "0-1"]
[WhiteElo "2311"]
[BlackElo "2486"]
[TimeControl "180+1"]
[EndTime "8:59:49 PDT"]
[Termination "Juicy_Fork won on time"]

1. d4 Nf6 2. Nf3 g6 3. e3 Bg7 4. Be2 O-O 5. O-O d6 6. b3 c5 7. Bb2 cxd4 8. Nxd4 d5 9. Nd2 Re8 10. c4 e5 11. N4f3 Nc6 12. cxd5 Nxd5 13. Nc4 b5 14. e4 Nf4 15. Ne3 Qxd1 16. Bxd1 Nd3 17. Rb1 Ba6 18. Nd5 Rac8 19. Be2 Nc5 20. a4 bxa4 21. Bxa6 Nxa6 22. bxa4 Nd4 23. Nxd4 exd4 24. f3 Nc5 25. Rfd1 Ne6 26. Ba1 Rc4 27. a5 Ra4 28. Rb5 a6 29. Rb7 Rxa5 30.
Ra7 h5 31. h4 Rxa1 32. Rxa1 d3 33. R7xa6 Bxa1 34. Rxa1 Rb8 35. Rd1 Nc5 36. Rd2 Rb1+ 37. Kf2 Rc1 38. Ke3 Re1+ 39. Kf2 Rc1 40. Nf4 Rc3 41.
Ke3 Kg7 42. Nxd3 Ne6 43. Ke2 Ra3 44. g3 Nd4+ 45. Ke3 Nb3 46. Rd1 Na5 47. Ke2 Nc4 48. Nf4 Ra2+ 49. Ke1 Ne3 50. Rd3 Ng2+ 51. Nxg2 Rxg2 52.
f4 Kf6 53. Kf1 Ra2 54. Rd6+ Ke7 55. Rd3 Ke6 56. Rf3 Ra4 57. Re3 Rb4 58. Kf2 Rb2+ 59.
Kf3 Rb4 60. Rd3 Ra4 61. Rb3 Rc4 62. Rb6+ Ke7 63. Rb3 Ke6 64. Ra3 Rb4 65. e5 Kf5 66. Rc3 Ra4 0-1

[Event "Early-Titled-Tuesday-Blitz-September-26-2023"]
[Site "Chess.com"]
[Date "2023.09.26"]
[Round "5"]
[White "FlemingA"]
[Black "Saif_Malek04"]
[Result "0-1"]
[WhiteElo "2442"]
[BlackElo "2614"]
[TimeControl "180+1"]
[EndTime "8:59:51 PDT"]
[Termination "Saif_Malek04 won by checkmate"]

1. g3 c6 2. Bg2 d6 3. Nf3 Nd7 4. O-O Ngf6 5. d3 g6 6. e4 Bg7 7. Re1 e5 8. c3 O-O 9. d4 Qc7 10. h3 Re8 11. Nbd2 h6 12. Qc2 Nf8 13. a4 g5 14. a5 g4 15. hxg4 Bxg4 16. a6 b6 17.
Nh4 Qd7 18. Nf5 Bxf5 19. exf5 exd4 20. Rxe8 Rxe8 21. Nf3 dxc3 22. bxc3 d5 23. Bf4 Ne4 24. Nh4 Nxc3 25. Kh2 Ne2 26. Ra4 c5 27. Bf3 Nd4 28.
Qd1 Bf6 29. Rxd4 Bxd4 30. Bxh6 Bg7 31. Bf4 d4 32. Bh5 Nh7 33. Qf3 d3 34. Bg4 Nf6 35.
Bh3 d2 36. Qd1 Re1 37. Qxd2 Qxd2 38. Bxd2 Re2 39. Be3 Nd5 40. Bg2 Nxe3 41. fxe3 Rxe3 42. Kg1 Ra3 43. Bb7 c4 44. Nf3 c3 45. Ne1 Ra1 46.
Kf2 Bd4+ 47. Ke2 Ra2+ 48. Kd3 Rd2+ 49. Kc4 Bg7 50. Kb3 Rb2+ 51. Kc4 c2 52. Nd3 c1=Q+ 53. Nxc1 Rc2+ 54. Kd5 Rxc1 55. Kd6 b5 56. Bc6 b4 57.
Kc7 b3 58. Kb7 Bd4 59. Be4 b2 60. g4 b1=Q+ 61. Bxb1 Rxb1+ 62. Ka8 Ra1 63. Kb7 Bb6 64. g5 Kg7 65. g6 fxg6 66. fxg6 Kxg6 67. Kc6 Rxa6 68.
Kb7 Ra1 69. Kc6 Bg1 70. Kb7 a6 71. Ka8 a5 72. Kb7 Ba7 73. Kc6 a4 74. Kb5 a3 75.
Kb4 a2 76. Kb3 Bd4 77. Kc2 Rb1 78. Kd3 a1=Q 79. Ke4 Re1+ 80. Kf3 Re3+ 81. Kg4 Qg1+ 82. Kf4 Qg5# 0-1

[Event "Early-Titled-Tuesday-Blitz-September-26-2023"]
[Site "Chess.com"]
[Date "2023.09.26"]
[Round "5"]
[White "slorovel"]
[Black "TregubovP"]
[Result "1/2-1/2"]
[WhiteElo "2473"]
[BlackElo "2631"]
[TimeControl "180+1"]
[EndTime "8:59:54 PDT"]
[Termination "Game drawn - insufficient material"]

1. e4 c5 2. Nf3 e6 3. g3 d5 4. exd5 exd5 5. Bg2 Qe7+ 6. Qe2 Qxe2+ 7. Kxe2 Nc6 8. Re1 Nf6 9. Kf1+ Be7 10. Nc3 Bg4 11. Nb5 O-O-O 12. Nxa7+ Nxa7 13. Rxe7 Nc6 14. Re3 d4 15.
Ra3 Nb4 16. d3 Nxc2 17. Ra8+ Kc7 18. Bf4+ Kb6 19. Rxd8 Rxd8 20. Rc1 Nb4 21. Ne5 Bf5 22.
Ke2 Re8 23. Kd2 Nfd5 24. a3 Nxf4 25. gxf4 Na6 26. Nxf7 Re6 27. Ne5 Ka7 28. Rc4 b5 29. Rc1 Kb6 30. Nd7+ Ka7 31. Nxc5 Nxc5 32. Rxc5 Bg4 33.
f3 Rh6 34. fxg4 Rxh2 35. Rc7+ Kb6 36. Rxg7 Rxg2+ 37. Kc1 h5 38. g5 h4 39. Rh7 Rg4 40. Rh6+ Kc7 41. g6 Rxf4 42. g7 Rg4 43. Rxh4 Rxg7 44.
Rxd4 Kc6 45. Kc2 Rg2+ 46. Kc3 Kc5 47. Rh4 Kb6 48. Rh6+ Kc5 49. Rh5+ Kc6 50. Rh4 Kc5 51. d4+ Kc6 52. Rh6+ Kc7 53. b3 Rg4 54. Re6 Kb7 55.
Kb4 Rxd4+ 56. Kxb5 Rd7 57. Rh6 Rg7 58. a4 Rg5+ 59. Kb4 Rf5 60. Ka3 Rg5 61. Rf6 Rh5 62.
Rf3 Rh4 63. b4 Rg4 64. a5 Ka6 65. Ka4 Rg6 66. b5+ Kb7 67. a6+ Kb6 68. Rf4 Rh6 69. Kb4 Rg6 70. Kc4 Rh6 71. Rf5 Rh4+ 72. Kd3 Rg4 73. Rd5 Rh4 74. Ke3 Rg4 75. Rd4 Rg3+ 76. Ke4 Kxb5 77. a7 Ra3 78. Rd7 Kb6 79. Ke5 Rxa7 80.
Rxa7 Kxa7 1/2-1/2

[Event "Early-Titled-Tuesday-Blitz-September-26-2023"]
[Site "Chess.com"]
[Date "2023.09.26"]
[Round "5"]
[White "jup1978"]
[Black "jraosam"]
[Result "1/2-1/2"]
[WhiteElo "2417"]
[BlackElo "2055"]
[TimeControl "180+1"]
[EndTime "8:59:55 PDT"]
[Termination "Game drawn by repetition"]

1. e4 d5 2. exd5 Qxd5 3. Nc3 Qd6 4. d4 Nf6 5. Bc4 a6 6. Bb3 Bg4 7. f3 Bf5 8. Nge2 e6 9. Bf4 Qd7 10. Qd2 Nc6 11. O-O-O O-O-O 12. g4 Bg6 13. h4 h6 14. h5 Bh7 15. Bg3 Bb4 16. Qe3 Kb8 17. Ne4 Nd5 18. Qf2 Na5 19. c3 Be7 20. Bc2 Qb5 21. Nd2 Bxc2 22. Kxc2 Qa4+ 23. Kb1 Bd6 24. Nc1 Bxg3 25. Qxg3 Qb5 26. Ndb3 Nxb3 27. axb3 Qb6 28. Qe5 Nf6 29. Qe3 Nd5 30. Qe4 Nf6 31. Qf4 Qd6 32. Qxd6 cxd6 33. Rde1 Nd5 34. Nd3 Kc7 35.
Rhf1 Rhe8 36. Kc2 Nf6 37. Kd2 Re7 38. Rg1 Nh7 39. Nf4 Rde8 40. Re3 d5 41. Rge1 Kd6 42. Nd3 Nf6 43. Ne5 Nd7 44. f4 Nxe5 45. fxe5+ Kd7 46. Rf3 Rf8 47. Rg1 Ke8 48. g5 hxg5 49. Rxg5 f5 50. Ke3 Rh8 51. Kf4 Kf7 52. Kg3 Rh6 53. Kh4 g6 54.
Rxg6 Rxg6 55. hxg6+ Kxg6 56. Rg3+ Kh7 57. Rf3 Rg7 58.
c4 Rg4+ 59. Kh5 Rxd4 60. cxd5 Rxd5 61. Re3 Rd4 62. Kg5 Kg7 63. Rg3 Rg4+ 64. Rxg4 fxg4 65. Kxg4 Kg6 66. b4 b6 67. b5 axb5 68. b4 Kh6 69.
Kh4 Kg6 70. Kg4 Kh6 71. Kh4 Kg6 72. Kg4 1/2-1/2

[Event "Early-Titled-Tuesday-Blitz-September-26-2023"]
[Site "Chess.com"]
[Date "2023.09.26"]
[Round "5"]
[White "Aradhya2000"]
[Black "Keeper0416"]
[Result "0-1"]
[WhiteElo "2693"]
[BlackElo "2571"]
[TimeControl "180+1"]
[EndTime "8:59:56 PDT"]
[Termination "Keeper0416 won by checkmate"]

1. d4 d5 2. c4 c6 3. Nf3 Nf6 4.
Nc3 dxc4 5. e4 b5 6. Be2 e6 7.
O-O Be7 8. a4 b4 9. e5 Nd5 10.
Ne4 h6 11. Bxc4 O-O 12. Qe2 Nd7 13. Ng3 c5 14. Bd3 Re8 15. Qe4 Nf8 16. dxc5 Bb7 17.
Qg4 f5 18. Qh5 Bxc5 19. Bxh6 gxh6 20. Qxh6 Qe7 21. Rac1 Rac8 22. Bb5 Red8 23. Nh5 Qh7 24. Qg5+ Qg6 25. Qh4 Be7 26. Qh3 Qg4 27. Qxg4+ fxg4 28. Nd4 Bg5 29. Rcd1 a6 30. Be2 Nf4 31. Bxg4 Nxh5 32.
Bxh5 Bf4 33. Rfe1 Rc4 34. Nf3 Rxd1 35. Rxd1 Bd5 36. Re1 Rc1 37. Rxc1 Bxc1 38. Ne1 Bxb2 39. Nd3 Bc3 40. Bd1 b3 41. f4 b2 42. Bc2 Ba2 43.
Nxb2 Bxb2 44. a5 Bc4 45. g3 Bd4+ 46. Kg2 Bc3 47. Be4 Bxa5 48. Bc2 Bc3 49. Kf3 Bb5 50. Ke4 a5 51. f5 a4 52. fxe6 Nxe6 53. Kd5 Kf7 54. Bf5 Ng5 55. Kc5 Be2 56. Bc2 a3 57. Bb3+ Ke7 58. Kc6 Nf3 59. Kd5 Nd2 60. Ba2 Bc4+ 61. Bxc4 Nxc4 62. Kxc4 a2 63. Kxc3 a1=Q+ 64. Kb3 Qxe5 65. Kc4 Qe2+ 66. Kc3 Qxh2 67. Kd4 Qxg3 68. Ke4 Qg5 69. Kd4 Qf5 70. Ke3 Qg4 71. Kd3 Qf4 72. Kc3 Qe4 73. Kd2 Qf3 74. Kc2 Qe3 75. Kb2 Qd3 76. Ka1 Qb5 77. Ka2 Kd6 78. Ka1 Kd5 79.
Ka2 Kd4 80. Ka1 Kc3 81. Ka2 Qb2# 0-1

[Event "Early-Titled-Tuesday-Blitz-September-26-2023"]
[Site "Chess.com"]
[Date "2023.09.26"]
[Round "5"]
[White "jjlai1111"]
[Black "Mackster23"]
[Result "0-1"]
[WhiteElo "2343"]
[BlackElo "2563"]
[TimeControl "180+1"]
[EndTime "9:00:00 PDT"]
[Termination "Mackster23 won by resignation"]

1. d4 e5 2. dxe5 Nc6 3. Nf3 Qe7 4. Bf4 Qb4+ 5. Bd2 Qxb2 6. Nc3 Bb4 7. Rb1 Qxc3 8. Bxc3 Bxc3+ 9. Nd2 Nxe5 10. e3 Nf6 11.
Rb3 Ba5 12. Bd3 O-O 13. O-O d5 14. Nf3 Ng6 15. Be2 c6 16. c4 Bb6 17. Qc2 Rd8 18.
Rd1 Rb8 19. Nd4 Ne5 20. cxd5 Nxd5 21. Nf3 Nxf3+ 22. Bxf3 Be6 23. Rbd3 Re8 24. Qb2 Bf5 25. Rb3 Be4 26. Bxe4 Rxe4 27. Qc2 Rbe8 28. Rbd3 Nb4 29. Qb3 Nxd3 30. Qxd3 h5 31. Qd7 R8e7 32. Qc8+ Kh7 33. Qf5+ g6 34. Qf6 R4e6 35. Qc3 Re5 36. h3 Rf5 37.
Qb3 Re6 38. Rf1 Ref6 39. f3 Re5 40. Re1 Rfe6 41. Kh2 h4 42. e4 Bc7 43. Kh1 Rb5 44. Qd3 Bg3 45. Rd1 Rbe5 46. Qd7 Re7 47. Qc8 R5e6 48. Rd8 Be5 49. Rd7 Rxd7 50. Qxd7 Kg7 51.
Qxb7 Bg3 52. Qxa7 Rd6 53. Qg1 Rd2 54. Qa1+ Kh7 55. a4 Re2 56. a5 Re1+ 57. Qxe1 Bxe1 58.
a6 Bf2 59. f4 Kg7 60. e5 Kf8 61. g4 hxg3 62. Kg2 Ke7 63. a7 Bxa7 64. Kxg3 Ke6 65. Kf3 Bd4 66. Ke4 Bg1 67. Kf3 Bh2 68. Ke4 c5 69. h4 c4 70. Kd4 Bxf4 71. Kxc4 Bxe5 72. Kd3 Kf5 73. Ke3 Kg4 74. Ke4 Bf6 75. h5 gxh5 76. Ke3 Kg3 77. Ke2 Bd4 78. Kd3 h4 79. Kxd4 h3 80.
Ke5 h2 81. Kf6 h1=Q 82. Ke7 Qf3 83. Kf8 f5 84. Kg7 f4 85. Kg6 Qg4+ 86. Kf6 f3 87.
Ke5 f2 88. Kd5 0-1

[Event "Early-Titled-Tuesday-Blitz-September-26-2023"]
[Site "Chess.com"]
[Date "2023.09.26"]
[Round "5"]
[White "esrosenberg"]
[Black "halfnatty"]
[Result "0-1"]
[WhiteElo "2350"]
[BlackElo "2586"]
[TimeControl "180+1"]
[EndTime "9:00:02 PDT"]
[Termination "halfnatty won by resignation"]

1. Nf3 d5 2. d4 Nf6 3. c3 e6 4.
Bg5 c5 5. Nbd2 Nc6 6. e3 Be7 7.
Bd3 Qb6 8. Qc2 Bd7 9. O-O Rc8 10. Qb1 h6 11. Bh4 g5 12. Bg3 Nh5 13. Be5 Rg8 14.
Bh7 Rf8 15. Nb3 c4 16. Nbd2 g4 17. Ne1 Nxe5 18. dxe5 Bg5 19. Nc2 Ke7 20. Nd4 f5 21. exf6+ Nxf6 22. Bc2 h5 23. f4 gxf3 24. N2xf3 Bxe3+ 25. Kh1 Qd6 26. Re1 Bxd4 27. Nxd4 Kd8 28. Qc1 e5 29.
Nf5 Bxf5 30. Bxf5 Rc7 31. Qh6 Rcf7 32. Rad1 Kc7 33. Qe3 b6 34. h3 Re7 35. b3 cxb3 36.
axb3 Qc5 37. Qh6 Ree8 38. b4 Qe7 39. b5 Kb8 40. c4 d4 41. Be4 Nxe4 42. Rxe4 Rf5 43.
Rdxd4 Ref8 44. Rd1 Qf7 45. Qd6+ Qc7 46. Qxc7+ Kxc7 47.
Rde1 Rf1+ 48. Rxf1 Rxf1+ 49. Kh2 Rf5 50. g4 hxg4 51.
hxg4 Rg5 52. Kg3 Kd6 53. Kh4 Rg8 54. Kh5 Ke6 55. Re1 Rh8+ 56. Kg5 Rc8 57. Re4 Rg8+ 58.
Kh4 Kf6 59. Re1 Rc8 60. Rf1+ Ke6 61. Rc1 Rh8+ 62. Kg5 Rg8+ 63. Kh4 e4 64. g5 Kf5 65.
Rf1+ Ke5 66. Kg4 e3 67. Rf5+ Ke4 68. Rf4+ Kd3 69. Rf7 e2 70. Re7 Rg7 71. Re6 Rc7 72. g6 Rxc4+ 73. Kf5 Rc5+ 74. Kf6 Rc1 75. g7 Rf1+ 76. Ke7 e1=Q 77. Rxe1 Rxe1+ 78. Kf7 Rg1 79. g8=Q Rxg8 80. Kxg8 Kc4 81. Kf7 Kxb5 82. Ke6 a5 0-1

[Event "Early-Titled-Tuesday-Blitz-September-26-2023"]
[Site "Chess.com"]
[Date "2023.09.26"]
[Round "5"]
[White "JaloliddinIlkhomi"]
[Black "rasmussvane"]
[Result "0-1"]
[WhiteElo "2758"]
[BlackElo "2999"]
[TimeControl "180+1"]
[EndTime "9:00:19 PDT"]
[Termination "rasmussvane won on time"]

1. Nf3 d5 2. d4 e6 3. Bf4 c5 4. e3 Nc6 5. c3 Bd6 6. Bg3 Nge7 7. Nbd2 O-O 8. Bd3 cxd4 9. exd4 f6 10. O-O Bxg3 11. hxg3 e5 12. dxe5 fxe5 13. Bc2 e4 14.
Nd4 Nxd4 15. cxd4 Nc6 16. Bb3 Bf5 17. Re1 Kh8 18. Nf1 Be6 19. Ne3 Qf6 20. Qd2 Nxd4 21.
Bxd5 Rad8 22. Rad1 Bxd5 23. Qxd4 Qxf2+ 24. Kh2 Bg8 25. Qxe4 Rfe8 26. Qc2 Qf6 27. Rxd8 Rxd8 28. Ng4 Qg5 29.
Ne5 Rd6 30. Kg1 Qd8 31. Qe4 Qb6+ 32. Qe3 Qxe3+ 33. Rxe3 Bxa2 34. Ra3 Bd5 35. Rxa7 h6 36. Rxb7 Re6 37. Rb8+ Kh7 38. Nf3 Re2 39. b4 g5 40. b5 Rb2 41. b6 Kg6 42. b7 Bxb7 43. Ne5+ Kh5 44. Nc4 Rxg2+ 45. Kf1 Rc2 46. Rxb7 Rxc4 47.
Kg2 Kg4 48. Rb2 h5 49. Re2 Rd4 50.
Ra2 Rb4 51. Rc2 Ra4 52. Rd2 Re4 53. Rb2 Rd4 54. Rc2 Kf5 55. Rc5+ Kg4 56. Rc2 Rb4 57. Rd2 Re4 58. Rc2 Kf5 59. Rc5+ Re5 60. Rc2 Ke4 61. Re2+ Kd4 62. Rd2+ Ke3 63. Rd8 g4 64. Rf8 Rd5 65. Re8+ Kd3 66. Kf2 Rf5+ 67. Kg2 Kd4 68. Rd8+ Rd5 69. Re8 Re5 70. Rd8+ Ke3 71. Rf8 Re4 72.
Rf5 Rd4 73. Re5+ Re4 74. Rxh5 Kd4 75. Rf5 Re2+ 76. Kf1 Re3 77. Rf4+ Re4 78. Kf2 Ke5 0-1

[Event "Early-Titled-Tuesday-Blitz-September-26-2023"]
[Site "Chess.com"]
[Date "2023.09.26"]
[Round "5"]
[White "Boxerandchessplayer"]
[Black "vladgoncharov"]
[Result "1/2-1/2"]
[WhiteElo "2183"]
[BlackElo "2521"]
[TimeControl "180+1"]
[EndTime "9:00:19 PDT"]
[Termination "Game drawn - insufficient material"]

1. d4 Nf6 2. Nf3 e6 3. Nbd2 d5 4. c4 c5 5. g3 Nc6 6. Bg2 cxd4 7.
cxd5 Qxd5 8. O-O Qd8 9. Nb3 e5 10. Bg5 Be7 11. Nfd2 O-O 12. Rc1 Bd7 13. Nc4 h6 14.
Bxf6 Bxf6 15. Nc5 Bc8 16. Qb3 Qe7 17. Ne4 Rd8 18. Nxf6+ Qxf6 19. Nd2 Qd6 20. Nc4 Qe7 21. Bxc6 bxc6 22. Na5 Be6 23. Nxc6 Qd6 24. Qb4 Qxb4 25. Nxb4 a5 26. Nc6 Re8 27. a3 Ra6 28. Rc5 f6 29. Rfc1 a4 30. Nb4 Rb6 31. Rc6 Rxc6 32. Rxc6 Bb3 33. Kf1 Rd8 34. Ke1 e4 35. Kd2 e3+ 36.
fxe3 dxe3+ 37. Kxe3 Rd1 38. Kf2 Rb1 39. Rc8+ Kf7 40. Nd3 g5 41. Rc7+ Kg6 42. Rc3 h5 43. h3 Rh1 44. Kg2 Bd5+ 45. Kf2 Rxh3 46. Rc5 Ba8 47. Ra5 Bc6 48. Ra6 Be4 49. Rxa4 Bxd3 50.
exd3 Rh2+ 51. Kf3 Rxb2 52. Ra8 Rb3 53. Ke3 h4 54. gxh4 gxh4 55. Rh8 Kg5 56. Rg8+ Kf5 57.
Rh8 Kg4 58. Rg8+ Kh5 59. Rh8+ Kg5 60. Rg8+ Kf5 61. Rh8 Rxa3 62. Rxh4 Ke5 63. Re4+ Kd5 64. Rd4+ Ke5 65. Re4+ Kf5 66. Rf4+ Kg5 67. Rf2 f5 68. Rg2+ Kf6 69. Rb2 Ra4 70. Rb6+ Kg5 71. Rb8 f4+ 72.
Kf3 Rd4 73. Rb5+ Kh4 74. Rf5 Rxd3+ 75. Kxf4 Rd1 76. Ke4 Re1+ 77. Kf4 Rf1+ 78. Ke4 Rxf5 79. Kxf5 1/2-1/2

[Event "Early-Titled-Tuesday-Blitz-September-26-2023"]
[Site "Chess.com"]
[Date "2023.09.26"]
[Round "5"]
[White "AradNazari"]
[Black "Elprofessor21"]
[Result "0-1"]
[WhiteElo "2799"]
[BlackElo "2624"]
[TimeControl "180+1"]
[EndTime "9:00:49 PDT"]
[Termination "Elprofessor21 won by checkmate"]

1. e4 c5 2. Nf3 d6 3. Bb5+ Nc6 4. Bxc6+ bxc6 5. O-O Bg4 6. h3 Bh5 7. c3 Nf6 8. Re1 e6 9. d4 cxd4 10. cxd4 d5 11. Nc3 dxe4 12. Nxe4 Nxe4 13. Rxe4 Bg6 14.
Re3 Bd6 15. b3 O-O 16. Bb2 c5 17. Ne5 Bxe5 18. Rxe5 cxd4 19. Bxd4 Qh4 20. Be3 Qf6 21. Ra5 Rfd8 22. Qe1 Rd7 23. Rc1 h6 24. Qe2 Qd8 25.
Rac5 Bd3 26. Qg4 Bf5 27. Qg3 Rd1+ 28. Kh2 Rxc1 29. Bxc1 Kh7 30. Rc7 Bg6 31. Be3 a5 32. Qe5 Qd5 33. Qxd5 exd5 34. Rc5 a4 35. Rxd5 axb3 36.
axb3 Rb8 37. h4 h5 38. Rd7 Rb4 39. Kg3 Rg4+ 40. Kh3 Rb4 41. Rc7 Bf5+ 42. Kg3 Be6 43. Rc5 Rg4+ 44. Kh3 Kg6 45. Rc3 Rb4+ 46. Kh2 Rxh4+ 47.
Kg1 Rb4 48. Bc5 Rb5 49. b4 f6 50. Rg3+ Kf7 51. Ra3 g5 52. f3 Kg6 53. Ra6 Kf5 54.
Kf2 h4 55. Ke3 Rb7 56. Ra5 Bc4 57. Bb6+ Kg6 58. Bc5 Bf1 59. Kf2 Bb5 60. Ra8 Rd7 61. Ra2 Bc4 62. Rb2 Bb5 63. Rc2 Kf5 64. Rb2 Kg6 65.
Be3 f5 66. Rc2 g4 67. fxg4 fxg4 68. Rc5 g3+ 69. Kf3 Rf7+ 70. Kg4 Be2+ 71. Kxh4 Re7 72.
Bf4 Re4 73. Kxg3 Rxb4 74. Be5 Rb3+ 75. Kf2 Bb5 76. g3 Kf5 77. Bf4+ Ke4 78. Re5+ Kd4 79. Re7 Bc6 80. Kg1 Rb1+ 81. Kf2 Rb2+ 82. Ke1 Rg2 83. Kf1 Ra2 84. g4 Bb5+ 85. Kg1 Bc6 86. g5 Rg2+ 87. Kf1 Rg4 88. Be5+ Kd3 89. Bf6 Be4 90. Kf2 Rg2+ 91. Kf1 Rg4 92. Re8 Ke3 93. Rb8 Bd3+ 94. Ke1 Rg1# 0-1

[Event "Early-Titled-Tuesday-Blitz-September-26-2023"]
[Site "Chess.com"]
[Date "2023.09.26"]
[Round "5"]
[White "carloseduar100"]
[Black "deribas12345"]
[Result "0-1"]
[WhiteElo "2342"]
[BlackElo "2565"]
[TimeControl "180+1"]
[EndTime "9:00:58 PDT"]
[Termination "deribas12345 won by checkmate"]

1. e4 c5 2. Nf3 d6 3. Nc3 Nf6 4. Bc4 e5 5. O-O Be6 6. Bb5+ Bd7 7. d3 Bxb5 8. Nxb5 Be7 9. c3 h6 10. Re1 a6 11. Na3 O-O 12. d4 Nbd7 13. dxe5 dxe5 14.
Nc4 Qc7 15. a4 Rfd8 16. Qc2 b5 17. axb5 axb5 18. Rxa8 Rxa8 19. Ne3 Nb6 20. Nd5 Nfxd5 21. exd5 Bd6 22. Qb3 Qd7 23. Nxe5 Bxe5 24. Rxe5 Ra1 25. Re1 Qxd5 26. Qxb5 Nc4 27. b3 Qe4 28. Qe8+ Qxe8 29. Rxe8+ Kh7 30. Re1 Na5 31. b4 Nb3 32. Bd2 Ra2 33. Be3 c4 34. h4 Rc2 35. b5 Rxc3 36. b6 Na5 37. Ra1 Nc6 38. Rb1 Rb3 39. Rxb3 cxb3 40. Bc1 Kg6 41. Kf1 Kf5 42. Ke2 Ke4 43. Kd2 Kd4 44. Bb2+ Kc5 45. Bxg7 h5 46. Kc3 Kxb6 47.
Kxb3 Kc5 48. Kc3 Kd5 49. Kd3 Ke6 50. Ke3 Kf5 51. Kf3 Ne7 52. Bc3 Ng6 53. g3 Ne7 54.
Bb4 Nd5 55. Bd2 f6 56. Be3 Ne7 57. Bd2 Nc6 58. Bh6 Nd4+ 59. Kg2 Nc6 60. Be3 Ne5 61. f3 Nc4 62. Kf2 Nd6 63. Bd2 Nf7 64. Ke3 Ne5 65.
Be1 Nc4+ 66. Kd4 Nd6 67. Bf2 Nb5+ 68. Ke3 Nc3 69. Kd2 Nd5 70. Ke1 Ne7 71. Kf1 Ng6 72. Kg2 Ne5 73. Kh3 Nxf3 74. Kg2 Ne5 75. Kh3 Ke4 76.
Kg2 f5 77. Bb6 Ng4 78. Bd8 Ne3+ 79. Kh3 Kf3 80. Bc7 Ng4 81. Bb8 Nf2+ 82. Kh2 Ne4 83. Bc7 Nd2 84. Bb8 Nf1+ 85. Kh3 Ne3 86. Bc7 Nd1 87. Bb8 Nc3 88. Kh2 Ne4 89. Kh3 Kf2 90.
Bc7 Kg1 91. Bb8 Kh1 92. Ba7 Nf6 93. Bb6 Ng4 94. Ba7 Ne5 95. Bb6 Nf3 96. Ba7 Ng1+ 97.
Bxg1 Kxg1 98. g4 fxg4+ 99. Kg3 Kh1 100. Kf4 Kh2 101. Kg5 g3 102. Kxh5 g2 103. Kh6 g1=Q 104. h5 Qg4 105. Kh7 Qxh5+ 106. Kg7 Qf5 107. Kh6 Qg4 108. Kh7 Kg3 109. Kh6 Kf4 110. Kh7 Kf5 111. Kh8 Kf6 112. Kh7 Qg7# 0-1

[Event "Early-Titled-Tuesday-Blitz-September-26-2023"]
[Site "Chess.com"]
[Date "2023.09.26"]
[Round "6"]
[White "bazar-wokzal"]
[Black "remi04"]
[Result "1/2-1/2"]
[WhiteElo "2672"]
[BlackElo "2828"]
[TimeControl "180+1"]
[EndTime "9:03:41 PDT"]
[Termination "Game drawn by agreement"]

1. e4 c5 2. c3 d5 3. exd5 Qxd5 4. d4 Nf6 5. Nf3 e6 6. a3 cxd4 7. cxd4 Nc6 8. Nc3 Qd8 9. Be3 Be7 10. Qc2 O-O 11. Bd3 Bd7 12. O-O Rc8 13. Rad1 h6 14. Qd2 Nd5 15. Bxh6 Nxc3 16. bxc3 gxh6 17. Qxh6 f5 18.
Qg6+ 1/2-1/2